 Dungeon Crawl Stone Soup version 0.29.0-4-gdea44cf6ec (webtiles) character file.

Game seed: 13137762605510745174

79 qw the Chopper (level 4, -2/26 HPs)
             Began as a Tengu Warper on Aug 28, 2022.
             Slain by an adder (3 damage)
             ... on level 2 of the Dungeon.
             The game lasted 00:00:07 (1164 turns).

qw the Chopper (Tengu Warper)                       Turns: 1164, Time: 00:00:08

Health: -2/26      AC:  8    Str: 14    XL:     4   Next: 37%
Magic:  8/8        EV:  3    Int: 13    God:
Gold:   64         SH:  0    Dex: 13    Spells: 7/7 levels left

rFire   . . .      SeeInvis .   Y - +0 hand axe
rCold   . . .      Faith    .   (no shield)
rNeg    . . .      Spirit   .   d - +0 chain mail
rPois   .          Reflect  .   (helmet restricted)
rElec   .          Harm     .   (no cloak)
rCorr   .          Rampage  .   (no gloves)
Will    .....                   (boots unavailable)
Stlth   ..........              (no amulet)
HPRegen 0.08/turn               (no ring)
MPRegen 0.11/turn               (no ring)

@: constricted
A: beak, talons 3
a: no special abilities


You were on level 2 of the Dungeon.
You visited 1 branch of the dungeon, and saw 2 of its levels.

You collected 64 gold pieces.


Innate Abilities, Weirdness & Mutations

You have a beak for a mouth.
You have claws for feet.


   Skills:
 - Level 2.0 Fighting
 + Level 4.9 Axes
 - Level 1.0 Throwing
 - Level 1.1 Armour
 - Level 2.1 Dodging
 - Level 2.0 Spellcasting
 - Level 2.4 Translocations


You had 7 spell levels left.
You didn't know any spells.
Your spell library contained the following spells:

 Spells                   Type           Power      Damage    Failure   Level
 Blink                    Tloc           14%        N/A       99%         2
 Gell's Gravitas          Tloc           7%         N/A       100%        3
 Lesser Beckoning         Tloc           7%         N/A       100%        3
 Teleport Other           Tloc           7%         N/A       100%        3
 Manifold Assault         Tloc           7%         N/A       100%        5

Inventory:

Hand Weapons
 c - the +11 flail "Sanodoeh" {flame, rF+ Int+4}
   (You found it on level 2 of the Dungeon)

   It burns those it strikes, dealing additional fire damage.
   Int:       It affects your intelligence (+4).
   rF:        It protects you from fire.
 Y - a +0 hand axe (weapon)
Armour
 d - a +0 chain mail (worn)
Scrolls
 a - a scroll of identify
 b - a scroll of magic mapping {unknown}
Potions
 e - a potion of mutation {unknown}
 f - a potion of brilliance {unknown}

Dungeon Overview and Level Annotations

Branches:
Dungeon (2/15)

Altars:


Message History

You closely miss the jackal. The jackal closely misses you.
The hound bites you but does no damage.
The jackal bites you but does no damage.
The hound bites you but does no damage.
You hit the hound. Your punch misses the hound.
The hound is almost dead.
You hit the jackal. The hound bites you. The jackal bites you.
You closely miss the hound. You punch the hound.
You kill the hound!
You hit the jackal but do no damage.
The jackal bites you but does no damage.
The adder barely misses you. The jackal barely misses you.
You have reached level 4!
You feel stronger.
You hit the jackal.
The jackal is almost dead.
You closely miss the adder. The jackal barely misses you.
You hit the jackal.
You kill the jackal!
You closely miss the ball python. You hit the adder but do no damage.
The adder bites you but does no damage. The ball python bites you.
The ball python grabs you. The ball python constricts you.
You hit the ball python. Your kick misses the ball python.
Your peck misses the ball python.
The ball python is heavily wounded.
You hit the adder. The adder bites you but does no damage.
The ball python bites you but does no damage.
The ball python constricts you. The adder bites you but does no damage.
You hit the ball python.
The ball python is severely wounded.
You hit the kobold.
You kill the kobold!
You hit the adder.
The ball python bites you but does no damage.
The ball python constricts you.
A frilled lizard comes into view.
The adder bites you.
You die...

.l. ..
......#####.
....#?....#
....~.....¤
##.#~.¤...~¤
#.#.¤¤.~¤¤¤~
#.#¤S.~.~~¤¤
#.#@S¤.~._~¤
#.#...~.¤¤~¤
##.#..~.~~¤¤~
##...#~.~.¤¤¤¤
#...#..~...¤¤¤
#...##.#.....
#...###.#####
#.#...##..
##.###.# ###


You could see an adder, a ball python and a frilled lizard.

Vanquished Creatures
  A hound (D:2)
  2 adders (D:2)
  3 endoplasms
  5 giant cockroaches (D:1)
  2 goblins (D:1)
  4 hobgoblins
  3 jackals (D:2)
  4 ball pythons
  4 bats (D:1)
  A frilled lizard (D:1)
  A kobold (D:2)
  3 rats
33 creatures vanquished.

Notes
Turn   | Place    | Note
-------+----------+-------------------------------------------
     0 | D:1      | qw the Tengu Warper began the quest for the Orb.
     0 | D:1      | Reached XP level 1. HP: 12/12 MP: 4/4
     0 | D:1      | 0 ||| qw: Version: 0.1-a-89-g26bdef1
     0 | D:1      | 0 ||| qw: Game counter: 2136
     0 | D:1      | 0 ||| qw: Always use a shield: true
     0 | D:1      | 0 ||| qw: God list: Okawaru
     0 | D:1      | 0 ||| qw: Allow faded altars: false
     0 | D:1      | 0 ||| qw: Do Orc after D:15 true
     0 | D:1      | 0 ||| qw: Do second Lair branch before Depths: true
     0 | D:1      | 0 ||| qw: Lair rune preference: random
     0 | D:1      | 0 ||| qw: Plans: Normal
     0 | D:1      | 0 ||| PLANNING D:1-11
    56 | D:1      | 56 ||| Stepping ~*~*~tactically~*~*~ (stealth).
   168 | D:1      | 168 ||| DROPPING +0 club.
   183 | D:1      | Reached skill level 3 in Axes
   183 | D:1      | Reached XP level 2. HP: 17/17 MP: 6/6
   898 | D:1      | 898 ||| UPGRADING to +0 chain mail.
   908 | D:1      | 908 ||| DROPPING +0 leather armour.
   909 | D:1      | 909 ||| DROPPING ring of flight.
   910 | D:1      | 910 ||| READING 2 scrolls labelled ODINWE QIKA.
   911 | D:1      | 911 ||| READING scroll labelled BUKKAI ESOGU.
   915 | D:1      | 915 ||| DROPPING scroll of blinking.
   928 | D:2      | Reached skill level 4 in Axes
   928 | D:2      | Reached XP level 3. HP: 17/21 MP: 7/7
   928 | D:2      | 928 ||| STAIRDANCE
  1063 | D:2      | Identified the +11 flail "Sanodoeh" {flame, rF+ Int+4}
  1065 | D:2      | 1065 ||| DROPPING +0 whip.
  1133 | D:2      | Found a faded altar of an unknown god.
  1136 | D:2      | 1136 ||| Stepping ~*~*~tactically~*~*~ (stealth).
  1154 | D:2      | HP: 4/21 [hound (3)]
  1159 | D:2      | HP: 2/21 [hound (1)]
  1161 | D:2      | Reached XP level 4. HP: 2/26 MP: 8/8
  1164 | D:2      | Slain by an adder

Levels and vault maps discovered:
D:1:      tarquinn_simple_flora_water_d, layout_basic
D:2:      layout_rooms, shapermc_ecumenical_altar_starsandcircs, basic_altar,
          kennysheep_nondescript, grunt_ministairs_8

Skill      XL: |  1  2 |
---------------+-------+-----
Axes           | 3 4 |  4.9
Fighting       | |  2.0
Throwing       | |  1.0
Armour         | |  1.1
Dodging        | |  2.1
Spellcasting   | |  2.0
Translocations | |  2.4

Action                   |  1- 3 |  4- 6 || total
-------------------------+-------+-------++-------
Melee: Hand axe          |    78 |     4 ||    82
       Kick              |    18 |       ||    18
       Peck              |     8 |       ||     8
       Punch             |     2 |       ||     2
Throw: Boomerang         |     7 |       ||     7
  Use: Scroll            |     2 |       ||     2
Armor: Leather armour    |    15 |       ||    15
       Chain mail        |    33 |     5 ||    38
Dodge: Dodged            |    47 |     1 ||    48

Table legend:
 A = Non-vault XP
 B = Vault XP
 C = Vault XP percentage of total XP
 D = Non-vault monster count
 E = Vault monster count
 F = Vault count percentage of total count
                 A         B        C        D         E       F
            +---------+---------+-------+---------+---------+-------
      Total |     114 |       0 |   0.0 |      33 |       0 |   0.0
            +---------+---------+-------+---------+---------+-------
        D:1 |      32 |       0 |   0.0 |      20 |       0 |   0.0
        D:2 |      82 |       0 |   0.0 |      13 |       0 |   0.0
            +---------+---------+-------+---------+---------+-------
